 Dungeon Crawl Stone Soup version 0.28.0-53-g5a82cb258f (webtiles) character file.

Game seed: 2183751313359130794

101 protoss039 the Digger (level 4, 0/34 HPs)
             Began as a Demonspawn Earth Elementalist on June 1, 2022.
             Slain by a worm (8 damage)
             ... on level 3 of the Dungeon.
             The game lasted 00:03:03 (2949 turns).

protoss039 the Digger (DsEE)                        Turns: 2949, Time: 00:03:04

Health: 0/34       AC:  2    Str:  8    XL:     4   Next: 48%
Magic:  7/7        EV: 12    Int: 19    God:
Gold:   35         SH:  0    Dex: 13    Spells: 7/8 levels left

rFire   . . .      SeeInvis .   a - +0 dagger
rCold   . . .      Faith    .   (no shield)
rNeg    . . .      Spirit   .   b - +0 robe
rPois   .          Reflect  .   (no helmet)
rElec   .          Harm     .   (no cloak)
rCorr   .          Rampage  .   (no gloves)
Will    .....                   (no boots)
Stlth   ++........              (no amulet)
HPRegen 0.11/turn               (no ring)
MPRegen 0.10/turn               (no ring)

@: no status effects
A: demonic guardian 1, powered by pain 1, demonic touch 1
a: no special abilities


You were on level 3 of the Dungeon.
You visited 1 branch of the dungeon, and saw 3 of its levels.

You collected 35 gold pieces.

Inventory:

Hand Weapons
 a - a +0 dagger (weapon)
Missiles
 c - 16 stones
Armour
 b - a +0 robe (worn)
Scrolls
 f - a scroll of enchant weapon {unknown}
Potions
 d - 2 potions of mutation {unknown}
 e - 2 potions of heal wounds {unknown}


   Skills:
 * Level 2.5 Fighting
 + Level 1.3 Armour
 - Level 1.7 Dodging
 - Level 1.7 Stealth
 + Level 2.6 Spellcasting
 - Level 1.0 Transmutations
 + Level 3.2 Earth Magic


You had 7 spell levels left.
You knew the following spells:

 Your Spells              Type           Power      Damage    Failure   Level
a - Sandblast             Erth           28%        2d8       4%          1

Your spell library contained the following spells:

 Spells                   Type           Power      Damage    Failure   Level
 Passwall                 Tmut/Erth      8%         N/A       10%         2
 Stone Arrow              Conj/Erth      16%        3d8       24%         3
 Ignite Poison            Fire/Tmut/Pois 3%         N/A       38%         3
 Mephitic Cloud           Conj/Pois/Air  2%         N/A       43%         3
 Petrify                  Tmut/Erth      10%        N/A       54%         4
 Freezing Cloud           Conj/Ice/Air   1%         6-21      99%         5


Dungeon Overview and Level Annotations

Branches:
Dungeon (3/15)

Altars:


Innate Abilities, Weirdness & Mutations

A weak demonic guardian rushes to your aid.
You sometimes gain a little power by taking damage.
Your touch may inflict minor irresistible damage on your foes.


Message History

You are too injured to fight recklessly!
You are too injured to fight recklessly!
You are too injured to fight recklessly!
You are too injured to fight recklessly!
You are too injured to fight recklessly!
You are too injured to fight recklessly!
You are too injured to fight recklessly!
You are too injured to fight recklessly!
You are too injured to fight recklessly!
You are too injured to fight recklessly!
You hit the ball python.
You kill the ball python!
Things that are here:
a glowing coppery potion; a ball python corpse You hit the orc.
The orc is moderately wounded.
The orc hits you with a +0 club.
A demonic guardian appears!
You hit the orc. Your touch misses the orc.
The orc is heavily wounded.
The orc barely misses you.
You hit the orc. Your touch misses the orc.
The orc is almost dead.
The orc hits you with a +0 club.
You hit the orc.
You kill the orc!
You barely miss the worm. You hit the worm.
The worm is lightly wounded.
The worm bites you.
* * * LOW HITPOINT WARNING * * *
You hit the worm. Your touch misses the worm.
The worm is lightly wounded.
The worm bites you.
* * * LOW HITPOINT WARNING * * *
You hit the worm.
You touch the worm.
The worm is moderately wounded.
You hit the worm.
You touch the worm.
The worm is severely wounded.
The worm bites you!
You die...

.# .# .#
##.# ...# #
# #..#
....#o##..#
#....ow@5.#
###.#o##.##
.. #<# ...
..# ### ###


You could see a worm (ally target), an orc priest, 2 orcs and a friendly white
imp (summoned).

Vanquished Creatures
  Natasha (twice) (D:2 D:1)
  An adder (D:2)
  A dart slug (D:2)
  An orc (D:3)
  3 endoplasms (D:2)
  A giant cockroach (D:1)
  A goblin (D:2)
  2 hobgoblins
  9 kobolds
  4 quokkas (D:2)
  5 ball pythons
  2 bats
  A frilled lizard (D:2)
  7 rats
40 creatures vanquished.

Vanquished Creatures (collateral kills)
  A worm (D:2)
1 creature vanquished.

Vanquished Creatures (others)
  14 plants (D:2)
14 creatures vanquished.

Grand Total: 55 creatures vanquished

Notes
Turn   | Place    | Note
-------+----------+-------------------------------------------
     0 | D:1      | protoss039 the Demonspawn Earth Elementalist began the
                  | quest for the Orb.
     0 | D:1      | Reached XP level 1. HP: 13/13 MP: 3/3
   115 | D:1      | Reached skill level 1 in Transmutations
   385 | D:1      | Gained mutation: You sometimes gain a little power by
                  | taking damage. [demonic ancestry]
   385 | D:1      | Reached XP level 2. HP: 14/20 MP: 5/5
   594 | D:1      | You fall into a shaft and drop 1 floor!
   597 | D:2      | Reached skill level 1 in Fighting
  1602 | D:2      | Noticed Natasha
  1609 | D:2      | Killed Natasha
  1610 | D:2      | Reached skill level 1 in Armour
  1610 | D:2      | Reached skill level 3 in Earth Magic
  1610 | D:2      | Gained mutation: Your touch may inflict minor irresistible
                  | damage on your foes. [demonic ancestry]
  1610 | D:2      | Reached XP level 3. HP: 27/27 MP: 1/6
  1615 | D:2      | Noticed Natasha
  1644 | D:1      | Killed Natasha
  1645 | D:1      | Gained mutation: A weak demonic guardian rushes to your
                  | aid. [demonic ancestry]
  1645 | D:1      | Reached XP level 4. HP: 11/33 MP: 0/7
  1962 | D:2      | Found a faded altar of an unknown god.
  2949 | D:3      | Slain by a worm

Illustrated notes

Levels and vault maps discovered:
D:1:      saegor_arrival_simple_e, layout_basic, kennysheep_pointless_box
D:2:      layout_basic, nicolae_ecumenical_snake_handling,
          lexackson_kobold_supper, uniq_natasha
D:3:      layout_loops_ring

Skill      XL: |  1  2  3 |
---------------+----------+-----
Transmutations | 1 |  1.0
Fighting       | 1 2 |  2.5
Armour         | 1 |  1.3
Earth Magic    | 3 |  3.2
Dodging        | |  1.7
Stealth        | |  1.7
Spellcasting   | |  2.6

Action                   |  1- 3 |  4- 6 || total
-------------------------+-------+-------++-------
Melee: Dagger            |    69 |    53 ||   122
       Punch             |     1 |       ||     1
       Touch             |       |    12 ||    12
 Cast: Sandblast         |    36 |       ||    36
 Stab: Sleeping          |     1 |     2 ||     3
Armor: Robe              |    12 |     5 ||    17
Dodge: Dodged            |    47 |    27 ||    74
